AoeStats
← jhonskull87

Arabia

509912570Analyzed
3v3 RM · 5d ago on Sep 28, 2026· 56m 23s· 6 players
Game mode
Random Map
Map size
Normal (6 player)
Population
200
Speed
Normal
Resources
Standard
Victory
Conquest
Starting age
Dark Age
Ending age
Imperial Age
RankedLock teamsTeams togetherTeam positionsShared explorationLock speedFull tech treeHidden civsTurbo modeCheats
Victory
Defeat
🇮🇹 Romans · Italy
838
+12
🇵🇪 Spanish · Peru
662
+19
🇵🇪 Armenians · Peru
640
+19
🇵🇪 Franks · Peru
768
-18
🇯🇴 Turks · Jordan
730
-17
🇲🇽 Persians · Mexico
690
-15
jhonskull87
12:22 Feudal Age
10:38 Loom
16:58 Double-Bit Axe
16:57 Horse Collar
20:59 Forging
22:19 Fletching
22:31 Padded Archer Armor
26:20 Castle Age
24:56 Wheelbarrow
26:25 Scale Barding Armor
26:38 Scale Mail Armor
26:38 Stone Mining
26:42 Gold Mining
27:19 Thumb Ring
26:35 Crossbowman
30:48 Leather Archer Armor
31:10 Iron Casting
30:32 Bodkin Arrow
30:56 Heavy Plow
30:48 Pikeman
31:29 Squires
36:18 Hand Cart
37:03 Chain Barding Armor
38:23 Bow Saw
40:22 Ballistics
39:58 Murder Holes
41:20 Kamandaran
41:41 Heated Shot
42:03 Masonry
44:22 Gold Shaft Mining
47:22 Imperial Age
46:57 Caravan
47:38 Stone Shaft Mining
47:32 Heavy Camel Rider
48:24 Bloodlines
48:16 Husbandry
50:22 Parthian Tactics
50:16 Citadels
51:12 Chemistry
52:50 Blast Furnace
52:21 Ring Archer Armor
52:26 Architecture
52:41 Heavy Cavalry Archer
52:49 Heavy Cavalry Archer
53:53 Chain Mail Armor
MR.ESSA
11:45 Feudal Age
10:02 Loom
20:32 Castle Age
19:35 Double-Bit Axe
19:32 Horse Collar
20:30 Wheelbarrow
19:41 Town Watch
19:50 Man-at-Arms
21:36 Long Swordsman
35:11 Imperial Age
41:44 Elite Janissary
42:35 Padded Archer Armor
47:00 Fortified Wall
46:47 Murder Holes
50:07 Leather Archer Armor
49:43 Fletching
50:04 Forging
52:10 Bodkin Arrow
52:51 Iron Casting
HEBERT27
0:30 Loom
14:26 Feudal Age
17:44 Wheelbarrow
18:09 Double-Bit Axe
22:32 Castle Age
25:19 Hand Cart
26:44 Bow Saw
28:32 Pikeman
32:49 Imperial Age
36:01 Onager
36:59 Chivalry
37:49 Conscription
38:05 Husbandry
38:14 Cavalier
41:40 Chemistry
41:29 Caravan
42:07 Siege Engineers
42:23 Ballistics
42:02 Murder Holes
43:14 Paladin
45:50 Heavy Scorpion
53:01 Halberdier
W4IT ZeN
10:40 Feudal Age
12:12 Wheelbarrow
11:32 Double-Bit Axe
19:08 Castle Age
18:54 Stone Mining
20:11 Hand Cart
21:24 Bow Saw
24:56 Loom
25:38 Gold Mining
30:59 Fervor
37:36 Imperial Age
35:31 Town Watch
38:41 Conscription
38:05 Horse Collar
38:28 Town Patrol
39:15 Fortified Wall
39:27 Ballistics
39:59 Ballistas
39:22 Man-at-Arms
40:02 Squires
40:28 Murder Holes
39:57 Long Swordsman
40:58 Caravan
41:14 Legionary
42:28 Heavy Plow
42:45 Padded Archer Armor
42:35 Fletching
42:47 Scale Mail Armor
42:58 Forging
43:22 Heavy Scorpion
44:19 Capped Ram
46:05 Leather Archer Armor
45:46 Bodkin Arrow
46:02 Forging
47:39 Chemistry
46:48 Siege Engineers
47:44 Chemistry
46:35 Cavalier
47:26 Bloodlines
47:17 Husbandry
48:20 Siege Ram
49:55 Comitatenses
50:51 Elite Centurion
51:26 Pikeman
54:27 Ring Archer Armor
54:12 Chain Mail Armor
54:32 Iron Casting
54:03 Scale Barding Armor
RavenSael
0:57 Loom
11:49 Feudal Age
12:48 Double-Bit Axe
12:47 Horse Collar
12:41 Man-at-Arms
22:24 Castle Age
19:57 Man-at-Arms
20:45 Gold Mining
22:04 Forging
21:54 Scale Mail Armor
21:46 Fletching
21:54 Long Swordsman
22:51 Two-Handed Swordsman
23:17 Gambesons
24:03 Heavy Plow
35:16 Imperial Age
34:52 Chain Mail Armor
36:20 Treadmill Crane
37:49 Town Watch
38:39 Wheelbarrow
38:37 Plate Mail Armor
39:47 Pikeman
40:28 Squires
40:53 Halberdier
42:27 Bow Saw
42:14 Arson
43:12 Iron Casting
43:45 Gold Shaft Mining
43:32 Murder Holes
44:40 Chemistry
43:36 Murder Holes
44:02 Ballistics
43:51 Padded Archer Armor
47:31 Champion
50:46 Bodkin Arrow
51:05 Fortified Wall
51:21 Conscription
53:19 Caravan
53:30 Cilician Fleet
57:03 Blast Furnace
56:03 Bracer
56:20 Leather Archer Armor
55:32 Elite Composite Bowman
BeoWulft
0:37 Loom
14:04 Feudal Age
24:50 Castle Age
22:41 Double-Bit Axe
22:37 Horse Collar
24:02 Gold Mining
24:12 Stone Mining
26:11 Bow Saw
29:48 Heavy Plow
33:12 Wheelbarrow
34:53 Hand Cart
38:57 Imperial Age
38:49 Scale Barding Armor
38:37 Fletching
38:47 Padded Archer Armor
40:43 Chemistry
40:04 Ballistics
40:08 Chain Barding Armor
40:02 Cavalier
40:47 Husbandry
42:57 Conscription
45:37 Paladin
47:24 Stone Shaft Mining
49:59 Plate Barding Armor
49:40 Leather Archer Armor
49:20 Bodkin Arrow
54:59 Elite Conquistador
Connection lost

Rejoining the realm…

Still unreachable

The connection could not be restored.

Session expired

The server has moved on; the page needs a fresh start.